 Dungeon Crawl Stone Soup version 0.28.0 (webtiles) character file.

Game seed: 10098444786826159566

205 RighteousDevil the Conjurer (level 5, -2/45 HPs)
             Began as a Demigod Conjurer on Feb 15, 2022.
             Slain by an orc wizard (3 damage)
             ... on level 3 of the Dungeon.
             The game lasted 00:08:03 (5039 turns).

RighteousDevil the Conjurer (Demigod Conjurer)      Turns: 5039, Time: 00:08:04

Health: -2/45      AC:  7    Str: 12    XL:     5   Next: 27%
Magic:  11/11      EV:  9    Int: 20    God:
Gold:   215        SH:  0    Dex: 12    Spells: 5/8 levels left

rFire   + . .      SeeInvis .   a - +4 falchion (holy)
rCold   . . .      Faith    .   (no shield)
rNeg    . . .      Spirit   .   c - +0 scale mail
rPois   .          Reflect  .   f - +0 helmet
rElec   .          Harm     .   (no cloak)
rCorr   .          Rampage  .   (no gloves)
Will    .....                   (no boots)
Stlth   ..........              (no amulet)
HPRegen 0.15/turn               m - ring of protection from fire
MPRegen 0.12/turn               (no ring)

@: hasted, very quick
A: high MP 1, forlorn, divine attributes
a: no special abilities


You were on level 3 of the Dungeon.
You visited 1 branch of the dungeon, and saw 4 of its levels.

You collected 215 gold pieces.

Inventory:

Hand Weapons
 a - a +4 falchion of holy wrath (weapon)
 b - a +0 dagger of holy wrath
Armour
 c - a +0 scale mail (worn)
 f - a +0 helmet (worn)
Jewellery
 m - a ring of protection from fire (left hand)
Scrolls
 d - 2 scrolls of silence
Potions
 l - a potion of attraction


   Skills:
 + Level 3.5 Fighting
 + Level 1.7 Long Blades
 - Level 2.0 Dodging
 - Level 2.0 Stealth
 - Level 2.2 Spellcasting
 - Level 4.0 Conjurations


You had 5 spell levels left.
You knew the following spells:

 Your Spells              Type           Power      Damage    Failure   Level
a - Magic Dart            Conj           72%        1d6       17%         1
b - Searing Ray           Conj           36%        2d5       26%         2

Your spell library contained the following spells:

 Spells                   Type           Power      Damage    Failure   Level
 Dazzling Flash           Conj/Hex       20%        N/A       75%         3
 Fulminant Prism          Conj/Hex       5%         3d7       98%         4
 Iskenderun's Mystic Bla  Conj/Tloc      10%        2d4       98%         4


Dungeon Overview and Level Annotations

Branches:
Dungeon (4/15)
 Temple: D:4-7


Innate Abilities, Weirdness & Mutations

You have an increased reservoir of magic. (+10% MP)
You shall have no god before yourself.
Your divine heritage dramatically boosts your attributes as you level up.


Message History

Unknown command.
You are too injured to fight recklessly!
Unknown command.
The orc wizard hits you but does no damage.
The orc warrior closely misses you.
The orc wizard hits you but does no damage.
You climb upwards.
There is a stone staircase leading down, spattered with blood here.
Unknown command.
Unknown command.
You miss the orc wizard.
You feel less confused.
The orc wizard hits you but does no damage. x2
You barely miss the orc wizard.
The orc wizard hits you with a +0 dagger.
The orc wizard gestures at you while chanting.
The magic dart hits you!
* * * LOW HITPOINT WARNING * * *
You slash the orc wizard!
The orc wizard is heavily wounded.
The orc wizard hits you but does no damage.
The orc wizard mumbles some strange words.
The orc wizard flickers and vanishes!
Deactivating autopickup; reactivate with Ctrl-A.
The orc wizard points at you and mumbles some strange words.
The magic dart hits you!
* * * LOW HITPOINT WARNING * * *
You feel yourself speed up. Something hits you but does no damage.
The orc wizard hits you but does no damage.
Unknown command.
Unknown command.
You hit the orc wizard.
The orc wizard is lightly wounded.
Something hits you but does no damage.
You slash the orc wizard!
The orc wizard is severely wounded.
The orc wizard hits you with a +0 dagger.
* * * LOW HITPOINT WARNING * * *
Something hits you.
You die...

#.....#÷########## ## #.....#.# #
###.###.# # ##.###.# #########
#####...##.# #........
#..........# ##.######.
#.###†..##.########...### #. #.#
#.....o)).).........# #. #.#
#..##.)@{######...#.# #. #.#
#...)....## ##.##.# #. #.#
#.........# #.##.# #. #.#
#...[.....######.##.###. ######.#
#.........#.............
#...##.###.......###.###.........
.....#...........###.# #####.####
...................#.# #.#
..............####.#.# #.###


You could see an orc wizard.

Vanquished Creatures
  An orc wizard (D:3)
  Robin (D:3)
  4 gnolls (D:3)
  3 adders
  6 dart slugs
  7 orcs (D:3)
  5 endoplasms
  3 giant cockroaches
  12 goblins
  8 hobgoblins
  7 jackals
  8 kobolds
  A quokka (D:3)
  3 ball pythons (D:2)
  3 bats
  4 frilled lizards
  6 rats
82 creatures vanquished.

Vanquished Creatures (others)
  4 toadstools (D:1)
4 creatures vanquished.

Grand Total: 86 creatures vanquished

Notes
Turn   | Place    | Note
-------+----------+-------------------------------------------
     0 | D:1      | RighteousDevil the Demigod Conjurer began the quest for the
                  | Orb.
     0 | D:1      | Reached XP level 1. HP: 14/14 MP: 5/5
   346 | D:1      | Reached XP level 2. HP: 20/20 MP: 5/7
   909 | D:1      | Learned a level 2 spell: Searing Ray
  1440 | D:2      | Reached skill level 4 in Conjurations
  1665 | D:2      | Reached skill level 1 in Fighting
  1665 | D:2      | Reached XP level 3. HP: 19/28 MP: 1/8
  2917 | D:3      | Noticed Robin
  2921 | D:3      | Reached XP level 4. HP: 31/37 MP: 10/10
  2931 | D:3      | Killed Robin
  3822 | D:3      | Reached skill level 1 in Long Blades
  4360 | D:4      | Noticed an orc warrior
  4374 | D:3      | Reached XP level 5. HP: 28/45 MP: 11/11
  5036 | D:3      | HP: 1/45 [orc wizard/magic dart (8)]
  5039 | D:3      | Slain by an orc wizard

Illustrated notes

Levels and vault maps discovered:
D:1:      dpeg_arrival_round_c, layout_basic,
          shapermc_ecumenical_altar_starsandcircs, minmay_misc_feat_tower,
          minmay_gold_behind_fungi
D:2:      layout_basic
D:3:      layout_loops_ring, uniq_robin
D:4:      minmay_opposing_rooms, layout_basic, old_standard_altar,
          portal_sewer_entry_f, minmay_misc_feat_plants

Skill      XL: |  1  2  3  4 |
---------------+-------------+-----
Stealth        | 2 |  2.0
Dodging        | 2 |  2.0
Spellcasting   | 2 |  2.2
Conjurations   | 4 |  4.0
Fighting       | 1 2 3 |  3.5
Long Blades    | 1 |  1.7

Action                   |  1- 3 |  4- 6 || total
-------------------------+-------+-------++-------
Melee: Dagger            |    12 |       ||    12
       Short sword       |   123 |     6 ||   129
       Falchion          |       |    80 ||    80
       Punch             |       |     1 ||     1
 Cast: Magic Dart        |    51 |     6 ||    57
       Searing Ray       |       |     2 ||     2
  Use: Scroll            |     4 |     7 ||    11
       Potion            |       |     2 ||     2
 Stab: Sleeping          |     4 |       ||     4
Armor: Robe              |    36 |     2 ||    38
       Chain mail        |       |    46 ||    46
       Scale mail        |       |    14 ||    14
Dodge: Dodged            |    94 |    47 ||   141
